TOP OF THE 1ST |
Clemson University Tigers batting - Pitching for Washington State University Cougars : RHP D.J. Sletten
|
Pitching: RHP D.J. Sletten
|
|
Batting: LHB Mario Nunez
|
0-0: Ball 1-0: Swinging Strike 1-1: Foul Ball, location: 2F 1-2: Strikes out swinging
|
Batting: RHB Josh LeSage
|
0-0: Fly out, F9 (Flyball, 9LS, EV 75.0 MPH)
|
Batting: RHB Marco Maggs
|
0-0: Ball 1-0: Ball 2-0: Foul Ball, location: 2F 2-1: SINGLE (Flyball, 4MD, EV 82.5 MPH)
|
Batting: RHB David Rhodes
|
0-0: Called Strike 0-1: Ball 1-1: Called Strike 1-2: Foul Ball, location: 2F 1-2: SINGLE (Line Drive, 89M, EV 101.2 MPH) Marco Maggs to second
|
Batting: LHB Steve Gates
|
0-0: Called Strike 0-1: Ball 1-1: Ball 2-1: Swinging Strike 2-2: Strikes out swinging
|
Top of the 1st over - 0 runs, 2 hits, 0 errors, 2 left on base; Clemson University 0 - Washington State University 0 |
BOTTOM OF THE 1ST |
Washington State University Cougars batting - Pitching for Clemson University Tigers : RHP Pierangelo Eccelino
|
Pitching: RHP Pierangelo Eccelino
|
|
Batting: RHB Rafael Collyer
|
0-0: Ball 1-0: Called Strike 1-1: Ball 2-1: Foul Ball, location: 2F 2-2: Ball 3-2: Ground out U3 (Groundball, 3, EV 90.0 MPH)
|
Batting: RHB Mas Langat
|
0-0: Fly out, F9 (Flyball, 9, EV 78.1 MPH)
|
Batting: LHB Scott Spillers
|
0-0: Called Strike 0-1: Ball 1-1: Swinging Strike 1-2: Strikes out swinging
|
Bottom of the 1st over - 0 runs, 0 hits, 0 errors, 0 left on base; Clemson University 0 - Washington State University 0 |
TOP OF THE 2ND |
Clemson University Tigers batting - Pitching for Washington State University Cougars : RHP D.J. Sletten
|
Batting: RHB Jason Duncan
|
0-0: Called Strike 0-1: Ground out 6-3 (Groundball, 6, EV 80.6 MPH)
|
Batting: LHB George Jedinak
|
0-0: Ball 1-0: Swinging Strike 1-1: Swinging Strike 1-2: Strikes out swinging
|
Batting: RHB Jose Rolon
|
0-0: SINGLE (Line Drive, 34, EV 96.2 MPH)
|
Batting: RHB Willis Suarez
|
0-0: Called Strike 0-1: Called Strike 0-2: Fielders Choice at 2nd, 6-4 (Groundball, 6, EV 94.4 MPH)
|
Top of the 2nd over - 0 runs, 1 hit, 0 errors, 1 left on base; Clemson University 0 - Washington State University 0 |
BOTTOM OF THE 2ND |
Washington State University Cougars batting - Pitching for Clemson University Tigers : RHP Pierangelo Eccelino
|
Batting: LHB Israel Ariza
|
0-0: Ball 1-0: Called Strike 1-1: Called Strike 1-2: Foul Ball, location: 2F 1-2: Ball 2-2: Fly out, F4 (Line Drive, 4, EV 71.9 MPH)
|
Batting: RHB Wil Gonzales
|
0-0: Swinging Strike 0-1: Ball 1-1: Ground out 6-3 (Groundball, 6D, EV 98.1 MPH)
|
Batting: RHB Ryan Toth
|
0-0: Fly out, F8 (Flyball, 8LD, EV 99.4 MPH)
|
Bottom of the 2nd over - 0 runs, 0 hits, 0 errors, 0 left on base; Clemson University 0 - Washington State University 0 |
TOP OF THE 3RD |
Clemson University Tigers batting - Pitching for Washington State University Cougars : RHP D.J. Sletten
|
Batting: LHB Mario Nunez
|
0-0: Reached on error, E8 (Flyball, 8RM, EV 85.6 MPH)
|
Batting: RHB Josh LeSage
|
0-0: Ball 1-0: Foul Ball, location: 2F 1-1: Foul Ball, location: 2F 1-2: Ball 2-2: Foul Ball, location: 2F 2-2: Foul Ball, location: 2F 2-2: Fly out, F4 (Line Drive, 34, EV 69.4 MPH)
|
Batting: RHB Marco Maggs
|
0-0: 2-RUN HOME RUN (Flyball, 7D, EV 98.1 MPH), Distance : 415 ft
|
Batting: RHB David Rhodes
|
0-0: Ball 1-0: Swinging Strike 1-1: Ball 2-1: Ground out U3 (Groundball, 34, EV 105.6 MPH)
|
Batting: LHB Steve Gates
|
0-0: Ball 1-0: Ball 2-0: Foul Ball, location: 2F 2-1: Ball 3-1: Swinging Strike 3-2: Strikes out swinging
|
Top of the 3rd over - 2 runs, 1 hit, 1 error, 0 left on base; Clemson University 2 - Washington State University 0 |
BOTTOM OF THE 3RD |
Washington State University Cougars batting - Pitching for Clemson University Tigers : RHP Pierangelo Eccelino
|
Batting: RHB Ron Essink
|
0-0: Foul Ball, location: 2F 0-1: Ball 1-1: Called Strike 1-2: Strikes out swinging
|
Batting: RHB Dave DeLaMater
|
0-0: Called Strike 0-1: Ball 1-1: Ball 2-1: Called Strike 2-2: Fly out, F7 (Flyball, 7S, EV 93.8 MPH)
|
Batting: LHB Willy Berrios
|
0-0: Foul Ball, location: 2F 0-1: Ground out 6-3 (Groundball, 6, EV 81.2 MPH)
|
Bottom of the 3rd over - 0 runs, 0 hits, 0 errors, 0 left on base; Clemson University 2 - Washington State University 0 |
TOP OF THE 4TH |
Clemson University Tigers batting - Pitching for Washington State University Cougars : RHP D.J. Sletten
|
Pitching: RHP Manuel Santiago
|
|
Batting: RHB Jason Duncan
|
0-0: Called Strike 0-1: Swinging Strike 0-2: Ball 1-2: Ball 2-2: Ball 3-2: Foul Ball, location: 2F 3-2: SOLO HOME RUN (Flyball, 8LXD, EV 116.2 MPH), Distance : 460 ft
|
Batting: LHB George Jedinak
|
0-0: Called Strike 0-1: Ball 1-1: Called Strike 1-2: Ball 2-2: Strikes out looking
|
Batting: RHB Jose Rolon
|
0-0: Swinging Strike 0-1: Ball 1-1: Called Strike 1-2: Strikes out swinging
|
Batting: RHB Willis Suarez
|
0-0: Called Strike 0-1: Ground out 6-3 (Groundball, 6, EV 85.0 MPH)
|
Top of the 4th over - 1 run, 1 hit, 0 errors, 0 left on base; Clemson University 3 - Washington State University 0 |
BOTTOM OF THE 4TH |
Washington State University Cougars batting - Pitching for Clemson University Tigers : RHP Pierangelo Eccelino
|
Batting: RHB Rafael Collyer
|
0-0: Ball 1-0: Swinging Strike 1-1: Ball 2-1: Foul Ball, location: 2F 2-2: Ground out U3 (Groundball, 3, EV 76.2 MPH)
|
Batting: RHB Mas Langat
|
0-0: Foul Ball, location: 2F 0-1: Ball 1-1: Ball 2-1: Ball 3-1: Foul Ball, location: 2F 3-2: Strikes out swinging
|
Batting: LHB Scott Spillers
|
0-0: Foul Ball, location: 2F 0-1: SOLO HOME RUN (Flyball, 89XD, EV 102.5 MPH), Distance : 411 ft
|
Batting: LHB Israel Ariza
|
0-0: Fly out, F8 (Line Drive, 78M, EV 87.5 MPH)
|
Bottom of the 4th over - 1 run, 1 hit, 0 errors, 0 left on base; Clemson University 3 - Washington State University 1 |
TOP OF THE 5TH |
Clemson University Tigers batting - Pitching for Washington State University Cougars : RHP Manuel Santiago
|
Pitching: RHP Joaquin Adame
|
|
Batting: LHB Mario Nunez
|
0-0: Foul Ball, location: 2F 0-1: SINGLE (Groundball, 4MD, EV 96.9 MPH)
|
Batting: RHB Josh LeSage
|
0-0: Ball 1-0: Swinging Strike 1-1: Swinging Strike 1-2: Grounds into double play, 6-4-3 (Groundball, 6, EV 82.5 MPH)
|
Batting: RHB Marco Maggs
|
0-0: DOUBLE (Groundball, 5L, EV 100.6 MPH)
|
Batting: RHB David Rhodes
|
0-0: Ground out 6-3 (Groundball, 6, EV 100.0 MPH)
|
Top of the 5th over - 0 runs, 2 hits, 0 errors, 1 left on base; Clemson University 3 - Washington State University 1 |
BOTTOM OF THE 5TH |
Washington State University Cougars batting - Pitching for Clemson University Tigers : RHP Pierangelo Eccelino
|
Pitching: LHP Salvatore Vasquez
|
|
Batting: RHB Wil Gonzales
|
0-0: Swinging Strike 0-1: Foul Ball, location: 2F 0-2: Ball 1-2: Hit by Pitch
|
Batting: RHB Ryan Toth
|
0-0: Ball Wild Pitch! Wil Gonzales to second 1-0: SINGLE (Line Drive, 5D, EV 102.5 MPH) Wil Gonzales to third
|
Batting: RHB Ron Essink
|
0-0: Foul Ball, location: 2F 0-1: Ball 1-1: Foul Ball, location: 2F 1-2: Ball 2-2: Ball 3-2: Ground out 5-3 (Groundball, 5, EV 86.2 MPH) Ryan Toth to second
|
Batting: RHB Dave DeLaMater
|
0-0: Ball 1-0: Ball 2-0: Ball 3-0: Called Strike 3-1: Ground out 5-3 (Groundball, 56S, EV 83.8 MPH) Wil Gonzales scores
|
Pinch Hitting: RHB Manny Serrano
|
0-0: Ball 1-0: Ball 2-0: Ball 3-0: Called Strike 3-1: Base on Balls
|
Batting: RHB Rafael Collyer
|
0-0: Foul Ball, location: 2F 0-1: Ball 1-1: Fly out, F8 (Flyball, 8LD, EV 95.6 MPH)
|
Bottom of the 5th over - 1 run, 1 hit, 0 errors, 2 left on base; Clemson University 3 - Washington State University 2 |
TOP OF THE 6TH |
Clemson University Tigers batting - Pitching for Washington State University Cougars : RHP Joaquin Adame
|
Pitching: RHP Jose Conejo
|
|
Now at 2B: Jose Aceves
|
|
Now at 3B: Rex Creswell
|
|
Now in CF: Manny Serrano
|
|
Batting: LHB Steve Gates
|
0-0: Ball 1-0: Called Strike 1-1: Called Strike 1-2: Strikes out swinging
|
Batting: RHB Jason Duncan
|
0-0: Ball 1-0: Swinging Strike 1-1: Called Strike 1-2: Strikes out swinging
|
Batting: LHB George Jedinak
|
0-0: Called Strike 0-1: Ball 1-1: Foul Ball, location: 2F 1-2: Ball 2-2: Strikes out swinging
|
Top of the 6th over - 0 runs, 0 hits, 0 errors, 0 left on base; Clemson University 3 - Washington State University 2 |
BOTTOM OF THE 6TH |
Washington State University Cougars batting - Pitching for Clemson University Tigers : LHP Salvatore Vasquez
|
Pitching: RHP Dustin DeMent
|
|
Batting: RHB Mas Langat
|
0-0: DOUBLE (Line Drive, 9LS, EV 90.6 MPH)
|
Pinch Hitting: LHB David Jackson
|
0-0: Ball Mas Langat is caught stealing 3rd base 2-5 1-0: Called Strike 1-1: Fly out, F4 (Line Drive, 4, EV 68.1 MPH)
|
Pinch Hitting: RHB Joe Weber
|
0-0: Ball 1-0: Ball 2-0: Swinging Strike 2-1: Foul Ball, location: 2F 2-2: Foul Ball, location: 2F 2-2: Ball 3-2: Base on Balls
|
Batting: LHB Rex Creswell
|
0-0: Called Strike 0-1: Swinging Strike 0-2: SINGLE (Line Drive, 56D, EV 101.2 MPH) Joe Weber to second
|
Pinch Hitting: RHB Miguel Paredes
|
0-0: Ball 1-0: Ball 2-0: Ball 3-0: Base on Balls Joe Weber to third Rex Creswell to second
|
Batting: LHB Jose Aceves
|
0-0: Called Strike 0-1: Swinging Strike 0-2: Ball 1-2: Ball 2-2: Ball 3-2: Strikes out looking
|
Bottom of the 6th over - 0 runs, 2 hits, 0 errors, 3 left on base; Clemson University 3 - Washington State University 2 |
TOP OF THE 7TH |
Clemson University Tigers batting - Pitching for Washington State University Cougars : RHP Jose Conejo
|
Pitching: RHP Randolph Batten
|
|
Now at 1B: Joe Weber
|
|
Now in LF: Miguel Paredes
|
|
Now in RF: David Jackson
|
|
Batting: RHB Jose Rolon
|
0-0: Ball 1-0: Ball 2-0: Ball 3-0: Called Strike 3-1: Fly out, F3 (Popup, 3SF, EV 77.5 MPH)
|
Batting: RHB Willis Suarez
|
0-0: Ground out 5-3 (Groundball, 56, EV 91.9 MPH)
|
Batting: LHB Mario Nunez
|
0-0: Ground out 1-3 (Groundball, 13S, EV 70.6 MPH)
|
Top of the 7th over - 0 runs, 0 hits, 0 errors, 0 left on base; Clemson University 3 - Washington State University 2 |
BOTTOM OF THE 7TH |
Washington State University Cougars batting - Pitching for Clemson University Tigers : RHP Dustin DeMent
|
Pitching: LHP Jonathan Hughes
|
|
Batting: RHB Dave DeLaMater
|
0-0: Ball 1-0: Ball 2-0: Called Strike 2-1: Ball 3-1: Called Strike 3-2: Foul Ball, location: 2F 3-2: Foul Ball, location: 2F 3-2: Foul Ball, location: 2F 3-2: Base on Balls
|
Batting: RHB Manny Serrano
|
0-0: Fly out, F7 (Flyball, 78S, EV 73.8 MPH)
|
Batting: SHB Juan Delanoval
|
0-0: Ball 1-0: Ball 2-0: 2-RUN HOME RUN (Flyball, 7LD, EV 98.1 MPH), Distance : 365 ft
|
Pitching: RHP John Sweet
|
|
Batting: RHB Mas Langat
|
0-0: Swinging Strike 0-1: Foul Ball, location: 2F 0-2: Ball 1-2: Strikes out looking
|
Pitching: RHP Gustavo Carena
|
|
Batting: LHB David Jackson
|
0-0: Called Strike 0-1: Ball 1-1: Called Strike 1-2: Ball 2-2: Ball 3-2: Base on Balls
|
Batting: RHB Joe Weber
|
0-0: Ball 1-0: Foul Ball, location: 2F 1-1: Foul Ball, location: 2F 1-2: Ball David Jackson steals 2nd base 2-2: Foul Ball, location: 2F 2-2: Ball 3-2: Strikes out looking and he ARGUES THE CALL AND IS TOSSED!
|
Bottom of the 7th over - 2 runs, 1 hit, 0 errors, 1 left on base; Clemson University 3 - Washington State University 4 |
TOP OF THE 8TH |
Clemson University Tigers batting - Pitching for Washington State University Cougars : RHP Randolph Batten
|
Pitching: RHP Jim Burbidge
|
|
Now at 1B: Ramiro Castillo
|
|
Batting: RHB Josh LeSage
|
0-0: Ball 1-0: Ball 2-0: Ball 3-0: Called Strike 3-1: Called Strike 3-2: Fly out, F9 (Flyball, 89D, EV 103.1 MPH)
|
Batting: RHB Marco Maggs
|
0-0: Called Strike 0-1: Ball 1-1: Ball 2-1: Foul Ball, location: 2F 2-2: Strikes out looking
|
Batting: RHB David Rhodes
|
0-0: Ground out 4-3 (Groundball, 4M, EV 101.9 MPH)
|
Top of the 8th over - 0 runs, 0 hits, 0 errors, 0 left on base; Clemson University 3 - Washington State University 4 |
BOTTOM OF THE 8TH |
Washington State University Cougars batting - Pitching for Clemson University Tigers : RHP Gustavo Carena
|
Pitching: LHP Brian Anderson
|
|
Batting: LHB Rex Creswell
|
0-0: Foul Ball, location: 2F 0-1: Ball 1-1: Ball 2-1: Swinging Strike 2-2: Foul Ball, location: 2F 2-2: Ball 3-2: Strikes out swinging
|
Pitching: RHP Richard Clements
|
|
Batting: RHB Miguel Paredes
|
0-0: Ball 1-0: Called Strike 1-1: Ground out 4-3 (Groundball, 4, EV 95.6 MPH)
|
Batting: LHB Jose Aceves
|
0-0: Called Strike 0-1: Foul Ball, location: 2F 0-2: Ball 1-2: Fly out, F7 (Flyball, 7D, EV 100.0 MPH)
|
Bottom of the 8th over - 0 runs, 0 hits, 0 errors, 0 left on base; Clemson University 3 - Washington State University 4 |
TOP OF THE 9TH |
Clemson University Tigers batting - Pitching for Washington State University Cougars : RHP Jim Burbidge
|
Pitching: RHP Teddy Barber
|
|
Batting: LHB Steve Gates
|
0-0: Foul Ball, location: 2F 0-1: Ball 1-1: Foul Ball, location: 2F 1-2: Ball 2-2: Ball 3-2: Foul Ball, location: 2F 3-2: SINGLE (Line Drive, 6D, EV 107.5 MPH)
|
Batting: RHB Jason Duncan
|
0-0: Sac Bunt to 3S - play at first, batter safe! Steve Gates to second
|
Pitching: LHP Mike Ligon
|
|
Batting: LHB George Jedinak
|
0-0: Ball 1-0: Foul Ball, location: 2F 1-1: Ball 2-1: Ball 3-1: SINGLE (Groundball, 56S, EV 72.5 MPH) (infield hit) Steve Gates to third Jason Duncan to second
|
Pitching: RHP Jose Flores
|
|
Batting: RHB Jose Rolon
|
0-0: Ball 1-0: Foul Ball, location: 2F 1-1: Foul Ball, location: 2F 1-2: Ball 2-2: Fly out, F9 (Line Drive, 9D, EV 98.8 MPH) Runner from 3rd tags up, SCORES, no throw by RF
|
Batting: RHB Willis Suarez
|
0-0: Ball 1-0: Called Strike 1-1: Swinging Strike 1-2: Fly out, F7 (Flyball, 78M, EV 95.0 MPH)
|
Batting: LHB Mario Nunez
|
0-0: Ball 1-0: Called Strike 1-1: Ball 2-1: Fly out, F9 (Flyball, 9D, EV 97.5 MPH)
|
Top of the 9th over - 1 run, 3 hits, 0 errors, 2 left on base; Clemson University 4 - Washington State University 4 |
BOTTOM OF THE 9TH |
Washington State University Cougars batting - Pitching for Clemson University Tigers : RHP Richard Clements
|
Pitching: LHP Will West
|
|
Pinch Hitting: RHB Wambua Ewansiha
|
0-0: Called Strike 0-1: Ball 1-1: Foul Ball, location: 2F 1-2: SINGLE (Line Drive, 5D, EV 103.1 MPH)
|
Batting: RHB Manny Serrano
|
0-0: Ball 1-0: Fielders Choice at 2nd, 6-4 (Groundball, 6S, EV 79.4 MPH)
|
Batting: SHB Juan Delanoval
|
0-0: Ball 1-0: Fly out, F7 (Flyball, 78S, EV 82.5 MPH)
|
Batting: RHB Mas Langat
|
0-0: Ball 1-0: Ground out 4-3 (Groundball, 4, EV 76.9 MPH)
|
Bottom of the 9th over - 0 runs, 1 hit, 0 errors, 1 left on base; Clemson University 4 - Washington State University 4 |
TOP OF THE 10TH |
Clemson University Tigers batting - Pitching for Washington State University Cougars : RHP Jose Flores
|
Pitching: RHP Arthur Scholten
|
|
Now at C: Wambua Ewansiha
|
|
Batting: RHB Josh LeSage
|
0-0: Called Strike 0-1: Foul Ball, location: 2F 0-2: Ground out 6-3 (Groundball, 6, EV 96.2 MPH)
|
Batting: RHB Marco Maggs
|
0-0: Fly out, F8 (Flyball, 8LD, EV 90.0 MPH)
|
Batting: RHB David Rhodes
|
0-0: Called Strike 0-1: Ball 1-1: Foul Ball, location: 2F 1-2: Strikes out swinging
|
Top of the 10th over - 0 runs, 0 hits, 0 errors, 0 left on base; Clemson University 4 - Washington State University 4 |
BOTTOM OF THE 10TH |
Washington State University Cougars batting - Pitching for Clemson University Tigers : LHP Will West
|
Pitching: RHP Santos Gonzales
|
|
Batting: LHB David Jackson
|
0-0: Ball 1-0: Ground out 4-3 (Groundball, 4M, EV 98.1 MPH)
|
Batting: RHB Ramiro Castillo
|
0-0: Foul Ball, location: 2F 0-1: Called Strike 0-2: Foul Ball, location: 2F 0-2: Ball 1-2: Strikes out swinging
|
Batting: LHB Rex Creswell
|
0-0: Ground out 1-3 (Groundball, 13S, EV 63.1 MPH)
|
Bottom of the 10th over - 0 runs, 0 hits, 0 errors, 0 left on base; Clemson University 4 - Washington State University 4 |
TOP OF THE 11TH |
Clemson University Tigers batting - Pitching for Washington State University Cougars : RHP Arthur Scholten
|
Pitching: LHP Scott Bradley
|
|
Batting: LHB Steve Gates
|
0-0: Foul Ball, location: 2F 0-1: Fly out, F9 (Flyball, 9, EV 90.6 MPH)
|
Batting: RHB Jason Duncan
|
0-0: Ground out 6-3 (Groundball, 6, EV 86.2 MPH)
|
Batting: LHB George Jedinak
|
0-0: Called Strike 0-1: Foul Ball, location: 2F 0-2: Strikes out swinging
|
Top of the 11th over - 0 runs, 0 hits, 0 errors, 0 left on base; Clemson University 4 - Washington State University 4 |
BOTTOM OF THE 11TH |
Washington State University Cougars batting - Pitching for Clemson University Tigers : RHP Santos Gonzales
|
Pitching: RHP Ahto Selin
|
|
Batting: RHB Miguel Paredes
|
0-0: Ball 1-0: Ball 2-0: Ball 3-0: Called Strike 3-1: Called Strike 3-2: Base on Balls
|
Batting: LHB Jose Aceves
|
0-0: Ball 1-0: Called Strike 1-1: Called Strike 1-2: Ball 2-2: Strikes out swinging
|
Batting: RHB Wambua Ewansiha
|
0-0: Ball 1-0: Grounds into double play, 4-6-3 (Groundball, 4, EV 86.9 MPH)
|
Bottom of the 11th over - 0 runs, 0 hits, 0 errors, 0 left on base; Clemson University 4 - Washington State University 4 |
TOP OF THE 12TH |
Clemson University Tigers batting - Pitching for Washington State University Cougars : LHP Scott Bradley
|
Pitching: LHP Scott Purcell
|
|
Batting: RHB Jose Rolon
|
0-0: Ball 1-0: Ground out 5-3 (Groundball, 56, EV 101.2 MPH)
|
Batting: RHB Willis Suarez
|
0-0: Ball 1-0: Called Strike 1-1: Ball 2-1: Called Strike 2-2: Ball 3-2: Strikes out swinging
|
Batting: LHB Mario Nunez
|
0-0: Ball 1-0: Called Strike 1-1: Called Strike 1-2: Reached on error, E3 (Groundball, 3S, EV 61.9 MPH)
|
Batting: RHB Josh LeSage
|
0-0: Ball 1-0: Called Strike 1-1: Called Strike 1-2: Strikes out swinging
|
Top of the 12th over - 0 runs, 0 hits, 1 error, 1 left on base; Clemson University 4 - Washington State University 4 |
BOTTOM OF THE 12TH |
Washington State University Cougars batting - Pitching for Clemson University Tigers : RHP Ahto Selin
|
Pitching: RHP Cong Tung
|
|
Batting: RHB Manny Serrano
|
0-0: Called Strike 0-1: Ball 1-1: Fly out, F8 (Flyball, 78M, EV 88.8 MPH)
|
Batting: RHB Briruc Fenuku
|
0-0: Called Strike 0-1: SINGLE (Line Drive, 7S, EV 88.8 MPH)
|
Batting: RHB Mas Langat
|
0-0: Ball 1-0: Foul Ball, location: 2F 1-1: Swinging Strike 1-2: Ball 2-2: Fly out, F8 (Flyball, 8LD, EV 92.5 MPH)
|
Batting: LHB David Jackson
|
0-0: Called Strike 0-1: Foul Ball, location: 2F 0-2: Strikes out swinging
|
Bottom of the 12th over - 0 runs, 1 hit, 0 errors, 1 left on base; Clemson University 4 - Washington State University 4 |
TOP OF THE 13TH |
Clemson University Tigers batting - Pitching for Washington State University Cougars : LHP Scott Purcell
|
Pitching: RHP Gerbrand Lubbers
|
|
Batting: RHB Marco Maggs
|
0-0: Ball 1-0: Called Strike 1-1: Swinging Strike 1-2: Foul Ball, location: 2F 1-2: Fly out, F9 (Flyball, 9, EV 97.5 MPH)
|
Batting: RHB David Rhodes
|
0-0: SINGLE (Line Drive, 4MD, EV 97.5 MPH)
|
Batting: LHB Steve Gates
|
0-0: Foul Ball, location: 2F 0-1: Ball 1-1: Swinging Strike 1-2: Fly out, F8 (Line Drive, 8RD, EV 103.8 MPH)
|
Batting: RHB Jason Duncan
|
0-0: Ball 1-0: Called Strike 1-1: Fielders Choice at 2nd, 6-4 (Groundball, 6, EV 93.1 MPH)
|
Top of the 13th over - 0 runs, 1 hit, 0 errors, 1 left on base; Clemson University 4 - Washington State University 4 |
BOTTOM OF THE 13TH |
Washington State University Cougars batting - Pitching for Clemson University Tigers : RHP Cong Tung
|
Pitching: RHP George Garrett
|
|
Batting: RHB Ramiro Castillo
|
0-0: Called Strike 0-1: SINGLE (Flyball, 8LS, EV 95.0 MPH)
|
Batting: LHB Rex Creswell
|
0-0: Called Strike 0-1: Foul Ball, location: 2F 0-2: Ball 1-2: Foul Ball, location: 2F 1-2: Strikes out swinging
|
Batting: RHB Miguel Paredes
|
0-0: Ball 1-0: Called Strike 1-1: Ball 2-1: Swinging Strike 2-2: Foul Ball, location: 2F 2-2: Ball 3-2: Foul Ball, location: 2F 3-2: Strikes out swinging
|
Batting: LHB Jose Aceves
|
0-0: Swinging Strike 0-1: Fielders Choice at 2nd, 6-4 (Groundball, 6, EV 88.8 MPH)
|
Bottom of the 13th over - 0 runs, 1 hit, 0 errors, 1 left on base; Clemson University 4 - Washington State University 4 |
TOP OF THE 14TH |
Clemson University Tigers batting - Pitching for Washington State University Cougars : RHP Gerbrand Lubbers
|
Batting: LHB George Jedinak
|
0-0: Called Strike 0-1: Called Strike 0-2: Strikes out swinging
|
Batting: RHB Jose Rolon
|
0-0: Called Strike 0-1: Called Strike 0-2: Ball 1-2: Ball 2-2: Foul Ball, location: 2F 2-2: Ball 3-2: Foul Ball, location: 2F 3-2: Foul Ball, location: 2F 3-2: Base on Balls
|
Batting: RHB Willis Suarez
|
0-0: Called Strike 0-1: Ball 1-1: Called Strike 1-2: Strikes out swinging
|
Batting: LHB Mario Nunez
|
0-0: Fly out, F9 (Flyball, 9S, EV 83.1 MPH)
|
Top of the 14th over - 0 runs, 0 hits, 0 errors, 1 left on base; Clemson University 4 - Washington State University 4 |
BOTTOM OF THE 14TH |
Washington State University Cougars batting - Pitching for Clemson University Tigers : RHP George Garrett
|
Pitching: RHP Joe Maid
|
|
Batting: RHB Wambua Ewansiha
|
0-0: Called Strike 0-1: Called Strike 0-2: Strikes out swinging
|
Batting: RHB Manny Serrano
|
0-0: Foul Ball, location: 2F 0-1: Swinging Strike 0-2: Strikes out swinging
|
Batting: RHB Briruc Fenuku
|
0-0: Ball 1-0: Ball 2-0: Fly out, F5 (Line Drive, 5, EV 71.2 MPH)
|
Bottom of the 14th over - 0 runs, 0 hits, 0 errors, 0 left on base; Clemson University 4 - Washington State University 4 |
TOP OF THE 15TH |
Clemson University Tigers batting - Pitching for Washington State University Cougars : RHP Gerbrand Lubbers
|
Batting: RHB Josh LeSage
|
0-0: Ball 1-0: SINGLE (Groundball, 4MD, EV 98.1 MPH)
|
Batting: RHB Marco Maggs
|
0-0: Ball 1-0: Fielders Choice at 2nd, 6-4 (Groundball, 6, EV 77.5 MPH)
|
Batting: RHB David Rhodes
|
0-0: Foul Ball, location: 2F 0-1: Foul Ball, location: 2F 0-2: Foul Ball, location: 2F 0-2: Ball 1-2: Ball Wild Pitch! Marco Maggs to second 2-2: Ball 3-2: Base on Balls
|
Batting: LHB Steve Gates
|
0-0: Grounds into double play, U5-3 (Groundball, 5L, EV 99.4 MPH)
|
Top of the 15th over - 0 runs, 1 hit, 0 errors, 1 left on base; Clemson University 4 - Washington State University 4 |
BOTTOM OF THE 15TH |
Washington State University Cougars batting - Pitching for Clemson University Tigers : RHP Joe Maid
|
Pitching: RHP Joachim Marot
|
|
Batting: RHB Mas Langat
|
0-0: Called Strike 0-1: Swinging Strike 0-2: Ball 1-2: Strikes out swinging
|
Batting: LHB David Jackson
|
0-0: Ball 1-0: Foul Ball, location: 2F 1-1: Ball 2-1: Called Strike 2-2: Strikes out swinging
|
Batting: RHB Ramiro Castillo
|
0-0: Ball 1-0: Called Strike 1-1: Ground out U3 (Groundball, 13, EV 90.0 MPH)
|
Bottom of the 15th over - 0 runs, 0 hits, 0 errors, 0 left on base; Clemson University 4 - Washington State University 4 |
TOP OF THE 16TH |
Clemson University Tigers batting - Pitching for Washington State University Cougars : RHP Gerbrand Lubbers
|
Batting: RHB Jason Duncan
|
0-0: DOUBLE (Line Drive, 9LM, EV 99.4 MPH)
|
Batting: LHB George Jedinak
|
0-0: Intentional Walk
|
Batting: RHB Jose Rolon
|
0-0: Ball 1-0: Ball 2-0: Ball 3-0: Base on Balls Jason Duncan to third George Jedinak to second
|
Batting: RHB Willis Suarez
|
0-0: Ball 1-0: Ball 2-0: SINGLE (Line Drive, 4D, EV 106.9 MPH) Jason Duncan scores George Jedinak to third Jose Rolon to second
|
Batting: LHB Mario Nunez
|
0-0: DOUBLE (Flyball, 8RXD, EV 106.2 MPH) George Jedinak scores Jose Rolon scores Willis Suarez to third
|
Batting: RHB Josh LeSage
|
0-0: Ball 1-0: Ball 2-0: Ball 3-0: Called Strike 3-1: Base on Balls
|
Batting: RHB Marco Maggs
|
0-0: Foul Ball, location: 2F 0-1: Ball 1-1: Ball 2-1: Swinging Strike 2-2: Ball 3-2: Strikes out swinging
|
Pitching: RHP Steve Cooper
|
|
Batting: RHB David Rhodes
|
0-0: Ball 1-0: Foul Ball, location: 2F 1-1: Ball 2-1: Foul Ball, location: 2F 2-2: GRAND SLAM HOME RUN (Flyball, 89XD, EV 110.0 MPH), Distance : 421 ft
|
Batting: LHB Steve Gates
|
0-0: SINGLE (Line Drive, 78M, EV 105.6 MPH)
|
Batting: RHB Jason Duncan
|
0-0: Ball Steve Gates steals 2nd base 1-0: Swinging Strike 1-1: Ball 2-1: Ball 3-1: Foul Ball, location: 2F 3-2: Foul Ball, location: 2F 3-2: Strikes out looking
|
Batting: LHB George Jedinak
|
0-0: Foul Ball, location: 2F 0-1: Ball 1-1: Called Strike 1-2: Ball 2-2: Ball 3-2: Foul Ball, location: 2F 3-2: SINGLE (Groundball, 6S, EV 69.4 MPH) (infield hit) Steve Gates to third
|
Batting: RHB Jose Rolon
|
0-0: Ball 1-0: Ball 2-0: Ball 3-0: Called Strike 3-1: Base on Balls George Jedinak to second
|
Batting: RHB Willis Suarez
|
0-0: Swinging Strike 0-1: Ball 1-1: Swinging Strike 1-2: Strikes out looking
|
Top of the 16th over - 7 runs, 6 hits, 0 errors, 3 left on base; Clemson University 11 - Washington State University 4 |
BOTTOM OF THE 16TH |
Washington State University Cougars batting - Pitching for Clemson University Tigers : RHP Joachim Marot
|
Batting: LHB Rex Creswell
|
0-0: Ball 1-0: Ball 2-0: Called Strike 2-1: Ball 3-1: Foul Ball, location: 2F 3-2: Strikes out swinging
|
Batting: RHB Miguel Paredes
|
0-0: Ball 1-0: Ground out 6-3 (Groundball, 6, EV 83.1 MPH)
|
Batting: LHB Jose Aceves
|
0-0: Called Strike 0-1: Foul Ball, location: 2F 0-2: Ball 1-2: Strikes out swinging
|
Bottom of the 16th over - 0 runs, 0 hits, 0 errors, 0 left on base; Clemson University 11 - Washington State University 4 |
|